 Dungeon Crawl Stone Soup version 0.31-a0-145-g046c7d2549 (webtiles) character file.

Game seed: 17748194798459730465

53 Danienth the Magician (level 3, -7/26 HPs)
             Began as a Demonspawn Hedge Wizard on June 6, 2023.
             Was a Believer of Wu Jian.
             Mangled by a black bear (8 damage)
             ... on level 4 of the Dungeon.
             The game lasted 00:08:30 (2069 turns).

Danienth the Magician (Demonspawn Hedge Wizard)     Turns: 2069, Time: 00:08:31

Health: -7/26      AC:  3    Str: 10    XL:     3   Next: 64%
Magic:  0/7        EV: 12    Int: 15    God:    Wu Jian [**....]
Gold:   73         SH:  0    Dex: 14    Spells: 7/8 levels left

rFire   . . .        h - +2 dagger (venom)
rCold   . . .        (no shield)
rNeg    . . .        b - +0 robe
rPois   .            c - +1 hat
rElec   .            (no cloak)
rCorr   .            (no gloves)
SInv    .            (no boots)
Will    .....        (no amulet)
Stlth   ++           (no ring)
HPRegen 0.24/turn    (no ring)
MPRegen 0.10/turn

%: no passive effects
@: about to teleport
A: demonic guardian 1
a: Renounce Religion, Wall Jump


You were on level 4 of the Dungeon.
You worshipped Wu Jian.
Wu Jian was pleased with you.
You visited 1 branch of the dungeon, and saw 3 of its levels.

You collected 73 gold pieces.

Inventory:

Hand Weapons
 a - a +0 dagger of freezing
 h - a +2 dagger of venom (weapon)
Missiles
 o - 4 javelins
Armour
 b - a +0 robe (worn)
 c - a +1 hat (worn)
Scrolls
 i - a scroll of summoning
 m - 2 scrolls of brand weapon
Potions
 d - a potion of magic
 e - 2 potions of heal wounds {unknown}
 f - a potion of degeneration {unknown}
 g - 2 potions of curing {unknown}
 j - a potion of lignification {unknown}
 q - a potion of brilliance {unknown}


   Skills:
 * Level 1.2 Fighting
 * Level 0.6 Short Blades
 * Level 2.2 Dodging
 * Level 2.3 Stealth
 * Level 3.4 Spellcasting
 + Level 1.0 Conjurations
 + Level 1.0 Summonings
 + Level 0.8 Translocations


You had 7 spell levels left.
You knew the following spells:

 Your Spells              Type           Power      Damage    Failure   Level
a - Magic Dart            Conj           20%        1d4       12%         1

Your spell library contained the following spells:

 Spells                   Type           Power      Damage    Failure   Level
 Slow                     Hex            8%         N/A       19%         1
 Call Imp                 Summ           10%        N/A       19%         2
 Blink                    Tloc           10%        N/A       21%         2
 Cigotuvi's Dreadful Rot  Necr/Pois/Air  4%         N/A       28%         2
 Mephitic Cloud           Conj/Pois/Air  3%         N/A       45%         3


Dungeon Overview and Level Annotations

Branches:
Dungeon (2/15)

Altars:
Ashenzari
Wu Jian

Annotations:
D:4 Edmund


Innate Abilities, Weirdness & Mutations

A weak demonic guardian rushes to your aid.


Message History

The black bear is almost dead.
The black bear goes berserk!
Casting: Magic Dart (safe; 12% risk of failure)
Confirm with . or Enter, or press ? or * to list all spells.
Aiming: Magic Dart (safe; 12% risk of failure)
Press: ? - help, Shift-Dir - straight line, f/p - black bear
Aim: a black bear (almost dead, berserk, ally target, 100% to hit)
Your demonic guardian avoids your attack.
The magic dart hits the black bear.
The black bear is almost dead.
You hear the quick rusting of a drain nearby.
The black bear misses your iron imp.
The black bear barely misses your iron imp. x2
Your iron imp hits the black bear but does no damage.
Casting: Magic Dart (safe; 12% risk of failure)
Confirm with . or Enter, or press ? or * to list all spells.
Aiming: Magic Dart (safe; 12% risk of failure)
Press: ? - help, Shift-Dir - straight line, f/p - black bear
Aim: a black bear (almost dead, berserk, not watching you, ally target, 100% to hit)
Your demonic guardian avoids your attack.
The magic dart hits the black bear.
The black bear is almost dead.
The black bear bites your iron imp.
Your iron imp dies!
Your iron imp disappears in a puff of smoke!
Casting: Magic Dart (safe; 12% risk of failure)
Confirm with . or Enter, or press ? or * to list all spells.
Aiming: Magic Dart (safe; 12% risk of failure)
Press: ? - help, Shift-Dir - straight line, f/p - black bear
Aim: a black bear (almost dead, berserk, 100% to hit)
The magic dart hits the black bear.
The black bear is almost dead.
The black bear misses you. The black bear claws you.
* * * LOW HITPOINT WARNING * * *
The black bear claws you.
* * * LOW HITPOINT WARNING * * *
You are too injured to fight recklessly!
As you read the scroll of teleportation, it crumbles to dust.
You feel strangely unstable. The black bear bites you!
You die...

###
#...######
#..@h@.#
#...####.#
##.# #.#
#.#.
#.#####.#
....
#..<.##.#
#'##
#.##.##.#
...##
#.##.##.#
....##
#.##.##.#
.....##
##.......#


You could see Edmund and a black bear (berserk).

Vanquished Creatures
  3 orcs (D:4)
  5 ball pythons
  4 bats (D:1)
  2 endoplasms
  2 giant cockroaches
  4 goblins
  3 hobgoblins
  3 jackals (D:2)
  3 quokkas
  4 frilled lizards (D:1)
  5 kobolds
  6 rats
44 creatures vanquished.

Vanquished Creatures (collateral kills)
  A dart slug (D:1)
  A ball python (D:1)
2 creatures vanquished.

Grand Total: 46 creatures vanquished

Notes
Turn   | Place    | Note
-------+----------+-------------------------------------------
     0 | D:1      | Danienth the Demonspawn Hedge Wizard began the quest for
                  | the Orb.
     0 | D:1      | Reached XP level 1. HP: 13/13 MP: 4/4
   169 | D:1      | Gained mutation: A weak demonic guardian rushes to your
                  | aid. [demonic ancestry]
   169 | D:1      | Reached XP level 2. HP: 19/19 MP: 1/6
   239 | D:1      | Found a faded altar of an unknown god.
   248 | D:1      | Prayed at the altar of an unknown god.
   248 | D:1      | Became a worshipper of the Wu Jian Council
   248 | D:1      | Reached * piety under Wu Jian
  1056 | D:2      | Found a broken altar of Ashenzari.
  1111 | D:2      | Reached XP level 3. HP: 20/25 MP: 7/7
  1608 | D:2      | You fall into a shaft and drop 2 floors!
  1903 | D:4      | Reached ** piety under Wu Jian
  1937 | D:4      | Reached skill level 1 in Fighting
  2052 | D:4      | Noticed a black bear
  2055 | D:4      | Noticed Edmund
  2068 | D:4      | HP: 1/26 [black bear (3)]
  2069 | D:4      | Mangled by a black bear

Illustrated notes

Levels and vault maps discovered:
D:1:      dpeg_arrival_oval, layout_basic,
          hellmonk_ecumenical_altar_inner_sanctum
D:2:      cheibrodos_helix_gallery, layout_basic, basic_altar, feat_on_display
D:4:      layout_loops_corners, portal_sewer_entry_b, guppyfry_early_orc_mine,
          uniq_edmund

Skill      XL: |  1  2  3 |
---------------+----------+-----
Dodging        | 2 |  2.2
Stealth        | 2 |  2.3
Fighting       | 1 |  1.2
Short Blades   | |  0.6
Spellcasting   | |  3.4
Conjurations   | |  1.0
Summonings     | |  1.0
Translocations | |  0.8

Action                     || total
---------------------------++-------
  Melee: Dagger            ||   101
         Punch             ||     1
   Cast: Magic Dart        ||    39
Ability: Lunge             ||     4
    Use: Scroll            ||     6
   Stab: Sleeping          ||     7
 Armour: Robe              ||    16
  Dodge: Dodged            ||    60

Table legend: (Time is in decaauts)
 A = Elapsed time spent in this place.
 B = Non-inter-level travel time spent in this place.
 C = Inter-level travel time spent in this place.
 D = Time resting spent in this place.
 E = Time spent auto-exploring this place.
 F = Levels seen in this place.
 G = Mean time per level.
                   A        B        C        D        E       F      G
               +--------+--------+--------+--------+--------+-----+--------+
         Total |   2067 |   2039 |     28 |      0 |   1746 |   3 |  689.0 |
       Dungeon |   2067 |   2039 |     28 |      0 |   1746 |   3 |  689.0 |
               +--------+--------+--------+--------+--------+-----+--------+

Top non-repeatable levels by time:
     D:1: 995 daAuts
     D:2: 611 daAuts
     D:4: 459 daAuts
